 Dungeon Crawl Stone Soup version 0.31-a0-876-gfe8ebadbca (webtiles) character file.

Game seed: 13448403725122437788

27647 Bnni the Jinx (level 13, -13/90 HPs)
             Began as a Formicid Hexslinger on Oct 13, 2023.
             Was a Priest of Hepliaklqana.
             Mangled by Rupert
             ... wielding a +1 vampiric battleaxe
              (18 damage)
             ... on level 14 of the Dungeon.
             The game lasted 00:35:25 (13535 turns).

Bnni the Jinx (Formicid Hexslinger)                Turns: 13535, Time: 00:35:26

Health: -13/90     AC: 11    Str: 14    XL:     13   Next: 67%
Magic:  16/25      EV: 11    Int: 13    God:    Hepliaklqana [***...]
Gold:   1451       SH:  6    Dex: 20    Spells: 4/28 levels left

rFire   + . .        J - +0 orcbow
rCold   + . .        N - +0 buckler
rNeg    . . .        D - +2 leather armour {rPois}
rPois   +            (helmet unavailable)
rElec   .            (no cloak)
rCorr   .            U - +2 pair of gloves {Stlth+}
SInv    +            q - +1 pair of boots
Will    .....        C - amulet of regeneration
Stlth   ++           r - ring of protection from cold
HPRegen 1.15/turn    M - ring of protection from fire
MPRegen 0.19/turn

%: no passive effects
@: weak-willed, jinxed, studying Staves
A: reduced essence, permanent stasis, dig shafts and tunnels, antennae 3, four
strong arms
a: Dig, Shaft Self, Renounce Religion, Recall Ancestor, Ancestor Identity,
Transference


You were on level 14 of the Dungeon.
You worshipped Hepliaklqana.
Hepliaklqana was most pleased with you.
You visited 2 branches of the dungeon, and saw 15 of its levels.
You also visited: Sewer and Ossuary.

You collected 1613 gold pieces.
You spent 162 gold pieces at shops.

Inventory:

Hand Weapons
 J - a +0 orcbow (weapon)
 S - a +0 arbalest
Missiles
 k - 4 curare-tipped darts
Armour
 q - a +1 pair of boots (worn)
 y - the +3 ring mail "Dius Qui" {rC+ rCorr Dex+4}
   (You found it on level 4 of the Dungeon)

   Dex+4:     It affects your dexterity (+4).
   rC+:       It protects you from cold.
   rCorr:     It protects you from acid and corrosion.
 D - a +2 leather armour of poison resistance (worn)
 N - a +0 buckler (worn)
 Q - a +0 kite shield
 U - a +2 pair of gloves of stealth (worn)
Jewellery
 r - a ring of protection from cold (left hand)
 C - an amulet of regeneration (around neck)
 M - a ring of protection from fire (right hand)
Wands
 c - a wand of digging (4)
 z - a wand of charming (8)
 H - a wand of mindburst (35)
 L - a wand of flame (15)
 T - a wand of polymorph (9)
Scrolls
 a - 2 scrolls of enchant weapon
 b - 3 scrolls of poison
 e - a scroll of vulnerability
 f - a scroll of immolation
 i - 4 scrolls of amnesia
 j - a scroll of silence
 l - a scroll of fear
 m - 2 scrolls of torment
 t - 3 scrolls of brand weapon
 A - 5 scrolls of butterflies
 B - 4 scrolls of revelation
Potions
 d - 7 potions of heal wounds
 g - 4 potions of curing
 h - 4 potions of mutation
 n - a potion of invisibility {unknown}
 o - 2 potions of resistance {unknown}
 p - 3 potions of attraction {unknown}
 s - 3 potions of cancellation {unknown}
 u - a potion of enlightenment {unknown}
 w - a potion of experience {unknown}
 x - a potion of ambrosia {unknown}
 E - a potion of might {unknown}
 F - 3 potions of lignification {unknown}
 G - 5 potions of berserk rage {unknown}
 O - a potion of magic {unknown}
 R - 4 potions of brilliance


   Skills:
 + Level 9.2 Fighting
 * Level 11.9 Ranged Weapons
 - Level 5.0 Armour
 - Level 1.7 Dodging
 - Level 5.0 Shields
 + Level 8.3 Spellcasting
 * Level 14.1 Hexes
 - Level 3.0 Translocations
 - Level 1.0 Fire Magic
 + Level 8.4 Invocations


You had 4 spell levels left.
You knew the following spells:

 Your Spells              Type           Power      Damage    Failure   Level
a - Jinxbite              Hex            84%        N/A       1%          2
b - Inner Flame           Hex/Fire       25%        N/A       3%          3
c - Dimensional Bullseye  Hex/Tloc       13%        N/A       6%          4
d - Cause Fear            Hex            21%        N/A       1%          4
e - Anguish               Hex/Necr       11%        N/A       12%         4
l - Leda's Liquefaction   Hex/Erth       11%        N/A       12%         4
o - Sigil of Binding      Hex            42%        N/A       1%          3

Your spell library contained the following spells:

 Spells                   Type           Power      Damage    Failure   Level
 Ensorcelled Hibernation  Hex/Ice        46%        N/A       1%          2
 Lesser Beckoning         Tloc           26%        N/A       10%         2
 Momentum Strike          Conj/Tloc      18%        3d8       19%         2
 Scorch                   Fire           16%        2d5       22%         2
 Poisonous Vapours        Pois/Air       10%        N/A       32%         2
 Call Canine Familiar     Summ           5%         N/A       54%         3
 Mephitic Cloud           Conj/Pois/Air  5%         N/A       54%         3
 Flame Wave               Conj/Fire      6%         2d5       87%         4
 Freezing Cloud           Conj/Ice/Air   2%         6-21      99%         5
 Summon Cactus Giant      Summ           2%         N/A       100%        6
 Blink                    Tloc           Unusable   N/A       N/A         2

Dungeon Overview and Level Annotations

Branches:
Dungeon (14/15)            Temple (1/1) D:6            Lair (0/5) D:11
    Orc (0/2) D:10         Vaults (0/5) D:13          Sewer (visited)
Ossuary (visited)

Altars:
Ashenzari
Cheibriados
Dithmenos
Elyvilon
Fedhas
Gozag
Hepliaklqana
Kikubaaqudgha
Makhleb
Nemelex Xobeh
Okawaru
Qazlal
Ru
Sif Muna
Trog
Uskayaw
Vehumet
Wu Jian
Xom
Yredelemnul
Zin
The Shining One

Shops:
D:7 [   D:12 (   D:13 **

Annotations:
D:14 Rupert


Innate Abilities, Weirdness & Mutations

Your life essence is reduced to manifest your ancestor. (-10% HP)
You cannot be hasted, slowed, berserked, paralysed or teleported.
You can dig through walls and to a lower floor.
You have a pair of large antennae on your head. (SInv)
Your four strong arms can wield two-handed weapons with a shield.


Message History

The grasping roots constrict Rupert.
Rupert struggles to escape constriction.
You are too injured to fight recklessly!
Unknown command.
Fire: J) +0 orcbow
Press: ? - help, Shift-Dir - straight line, f/p - Rupert
Aim: Rupert, wielding a +1 vampiric battleaxe and wearing a +1 ring mail of positive energy (severely wounded, berserk, very poisoned, slow, constricted by roots, bound in place, chance to call a sprite on attack: 8%, 94% to hit)
You shoot an arrow. The arrow completely misses Rupert.
The grasping roots constrict Rupert!
The roots release their grip on Rupert.
Rupert's lost momentum returns!
Unknown command.
Fire: J) +0 orcbow
Press: ? - help, Shift-Dir - straight line, f/p - Rupert
Aim: Rupert, wielding a +1 vampiric battleaxe and wearing a +1 ring mail of positive energy (almost dead, berserk, covering ground quickly, very poisoned, slow, chance to call a sprite on attack: 8%, 69% to hit)
You shoot an arrow. The arrow hits Rupert!
Rupert is almost dead.
Rupert barely misses you.
Unknown command.
Fire: J) +0 orcbow
Press: ? - help, Shift-Dir - straight line, f/p - Rupert
Aim: Rupert, wielding a +1 vampiric battleaxe and wearing a +1 ring mail of positive energy (almost dead, berserk, covering ground quickly, very poisoned, slow, chance to call a sprite on attack: 8%, 69% to hit)
You shoot an arrow.
The arrow hits Rupert but does no damage.
Rupert is almost dead.
Rupert hits you with a +1 vampiric battleaxe!!
* * * LOW HITPOINT WARNING * * *
Fire: J) +0 orcbow
Press: ? - help, Shift-Dir - straight line, f/p - Rupert
Aim: Rupert, wielding a +1 vampiric battleaxe and wearing a +1 ring mail of positive energy (almost dead, berserk, covering ground quickly, very poisoned, slow, chance to call a sprite on attack: 8%, 69% to hit)
You shoot an arrow. The arrow barely misses Rupert.
Rupert is no longer berserk.
Rupert misses you.
Okay, then.
Aiming: Fastroot
Press: ? - help, Shift-Dir - straight line, p - Rupert The roots erupt in riotous growth!
Roots grab Rupert.
The now-empty wand crumbles to dust.
The grasping roots constrict Rupert.
Rupert hits you with a +1 vampiric battleaxe!!
You die...
Rupert roars with triumph.

.........#..#
.........#..#
............#
..##........###########..
.....#####..............
.....#.<.#.........(#
###'##...#..###.(.$.#
....#....#......@...####
....##...#......@.......
...)##...###########.....
#...##......#...... .....
#...##).....#..... ....
............#.... ,...
............#... ###
............#..
#..###..)####.# #
#..###...####.##...#


You could see Rupert (swift, very poisoned, slow, rooted).

Vanquished Creatures
  Snorg (D:12)
  Josephine (D:12)
  A hydra (D:13)
  2 centaur warriors
  An ogre mage (D:11)
  7 two-headed ogres (D:11)
  2 boulder beetles
  A wizard (D:13)
  2 deep elf pyromancers
  A cyclops (D:12)
  A black mamba (shapeshifter) (D:14)
  A gargoyle (D:11)
  A rime drake (D:11)
  Jeremiah (D:7)
  An efreet (D:13)
  2 unseen horrors
  A kobold demonologist (D:12)
  3 trolls
  3 komodo dragons (D:11)
  A hornet (D:9)
  4 slime creatures (D:13)
  A shadow (D:11)
  2 vampires
  5 yaks
  4 wraiths
  3 basilisks (D:11)
  A steam dragon (D:8)
  3 water moccasins (D:8)
  4 acid dragons
  A black bear (D:7)
  An ice beast (D:8)
  7 orc warriors
  3 sky beasts
  2 ogres
  6 centaurs
  A phantom (D:5)
  4 kobold brigands
  5 bullfrogs
  2 scorpions (D:5)
  A hornet simulacrum (D:14)
  18 wights
  3 howler monkeys
  An electric eel (D:11)
  3 hounds
  An iron imp (D:12)
  5 orc priests
  A gnoll bouda (D:6)
  A jelly (D:4)
  7 iguanas
  11 orc wizards
  7 mummies (Ossuary)
  8 gnolls
  10 adders
  5 river rats
  3 shadow imps
  3 white imps
  An ufetubus (D:5)
  5 worms
  5 dart slugs
  38 orcs
  6 bats
  6 endoplasms
  5 giant cockroaches
  2 gnoll zombies (Ossuary)
  8 goblins
  11 hobgoblins
  2 jackals (D:1)
  4 quokkas
  19 ball pythons
  10 frilled lizards
  3 hobgoblin zombies (Ossuary)
  25 kobolds
  3 kobold zombies (Ossuary)
  17 rats
351 creatures vanquished.

Vanquished Creatures (collateral kills)
  A centaur warrior (D:13)
  3 manticores
  A cyclops (D:13)
  A slime creature (D:13)
  An unseen horror (D:11)
  A komodo dragon (D:11)
  A troll (D:12)
  3 wraiths (D:12)
  A ynoxinul (D:12)
  4 yaks (D:12)
  An orc warrior (D:8)
  A centaur (D:8)
  A bullfrog (D:8)
  A jelly (D:8)
  A wight (D:9)
  A killer bee (D:8)
  2 howler monkeys
  An iguana (D:11)
  An orc (D:9)
  A kobold (D:10)
  4 frilled lizards (D:11)
32 creatures vanquished.

Vanquished Creatures (others)
  3 knights
  10 ancestors
  A mummy (Ossuary)
14 creatures vanquished.

Grand Total: 397 creatures vanquished

Notes
Turn   | Place    | Note
-------+----------+-------------------------------------------
     0 | D:1      | Bnni the Formicid Hexslinger began the quest for the Orb.
     0 | D:1      | Reached XP level 1. HP: 15/15 MP: 2/2
   182 | D:1      | Reached XP level 2. HP: 21/21 MP: 3/3
   198 | D:1      | Learned a level 2 spell: Jinxbite
   243 | D:1      | Reached skill level 4 in Hexes
   355 | D:1      | Found a faded altar of an unknown god.
   834 | D:1      | Reached XP level 3. HP: 26/26 MP: 5/5
  1690 | D:2      | Reached XP level 4. HP: 33/33 MP: 6/6
  1712 | D:2      | Learned a level 3 spell: Inner Flame
  2138 | D:3      | Found a glowing drain.
  2146 | Sewer    | Entered a sewer
  2173 | Sewer    | Reached XP level 5. HP: 38/38 MP: 8/8
  2535 | Sewer    | Noticed a kobold brigand
  2545 | Sewer    | Killed a kobold brigand
  2546 | Sewer    | Reached skill level 5 in Hexes
  2546 | Sewer    | Reached XP level 6. HP: 45/45 MP: 7/9
  2898 | Sewer    | Learned a level 4 spell: Cause Fear
  3423 | D:3      | Found a shimmering blue altar of Sif Muna.
  3423 | D:3      | Found a shadowy altar of Dithmenos.
  4029 | D:4      | Identified the +3 ring mail "Dius Qui" {rC+ rCorr Dex+4}
  4091 | D:4      | Reached XP level 7. HP: 51/51 MP: 8/11
  4539 | D:5      | Entered Level 5 of the Dungeon
  4545 | D:5      | Reached skill level 6 in Hexes
  4669 | D:5      | Reached skill level 5 in Ranged Weapons
  4780 | D:5      | Reached XP level 8. HP: 58/58 MP: 8/13
  5069 | D:5      | Found an ancient bone altar of Kikubaaqudgha.
  5091 | D:5      | Found a white marble altar of Elyvilon.
  5355 | D:5      | Learned a level 3 spell: Sigil of Binding
  5367 | D:6      | Reached skill level 7 in Hexes
  5414 | D:6      | Found a sand-covered staircase.
  5445 | Ossuary  | Entered an ossuary
  6014 | D:6      | Found a staircase to the Ecumenical Temple.
  6020 | Temple   | Entered the Ecumenical Temple
  6031 | Temple   | Became a worshipper of Hepliaklqana the Forgotten
  6470 | D:7      | Noticed Jeremiah
  6475 | D:7      | Killed Jeremiah
  6476 | D:7      | Reached skill level 8 in Hexes
  6476 | D:7      | Reached skill level 1 in Translocations
  6476 | D:7      | Reached skill level 1 in Invocations
  6476 | D:7      | Reached XP level 9. HP: 66/66 MP: 8/15
  6744 | D:7      | Learned a level 4 spell: Dimensional Bullseye
  6966 | D:7      | Found Sozul's Armour Boutique.
  7089 | D:7      | Reached skill level 5 in Fighting
  7392 | D:8      | Reached skill level 9 in Hexes
  7448 | D:8      | Reached * piety under Hepliaklqana
  7682 | D:8      | Reached skill level 5 in Spellcasting
  7691 | D:8      | Reached XP level 10. HP: 66/66 MP: 17/17
  7877 | D:8      | Reached skill level 1 in Shields
  8365 | D:9      | Reached skill level 10 in Hexes
  9277 | D:10     | Entered Level 10 of the Dungeon
  9285 | D:10     | Noticed an unseen horror
  9289 | D:10     | Reached XP level 11. HP: 73/73 MP: 15/19
  9299 | D:10     | Reached skill level 5 in Shields
  9333 | D:9      | Reached skill level 5 in Invocations
  9666 | D:10     | Found a staircase to the Orcish Mines.
  9800 | D:10     | Learned a level 4 spell: Anguish
  9801 | D:11     | Reached ** piety under Hepliaklqana
  9831 | D:11     | Reached skill level 11 in Hexes
  9972 | D:11     | Noticed a two-headed ogre
  9973 | D:11     | Noticed a two-headed ogre
  9974 | D:11     | Noticed a two-headed ogre
  9974 | D:11     | Noticed an ogre mage
  9975 | D:11     | Noticed a two-headed ogre
  9976 | D:11     | Reached skill level 1 in Armour
  9979 | D:11     | Killed a two-headed ogre
  9979 | D:11     | Killed a two-headed ogre
  9980 | D:11     | Noticed a two-headed ogre
  9983 | D:11     | Noticed a boulder beetle
  9984 | D:11     | Killed an ogre mage
  9986 | D:11     | Killed a two-headed ogre
  9987 | D:11     | Killed a two-headed ogre
  9988 | D:11     | Noticed a two-headed ogre
 10011 | D:11     | Killed a boulder beetle
 10012 | D:11     | Reached XP level 12. HP: 81/81 MP: 1/22
 10027 | D:11     | Killed a two-headed ogre
 10045 | D:11     | Killed a two-headed ogre
 10046 | D:11     | Reached skill level 10 in Ranged Weapons
 10046 | D:11     | Reached skill level 12 in Hexes
 10312 | D:11     | Identified the +3 ring mail of Panentheism {Harm Str-4
                  | Dex+2}
 10433 | D:11     | Found an ancient bone altar of Kikubaaqudgha.
 10468 | D:11     | Noticed a two-headed ogre
 10477 | D:11     | Killed a two-headed ogre
 10705 | D:11     | Remembered your ancestor Tankster McGee as a knight
 10720 | D:11     | Found a staircase to the Lair.
 11445 | D:12     | Noticed Snorg
 11456 | D:12     | Killed Snorg
 11622 | D:12     | Noticed Josephine
 11631 | D:12     | Killed Josephine
 11632 | D:12     | Reached skill level 13 in Hexes
 11719 | D:12     | Found Qith's Weapon Emporium.
 11762 | D:12     | Reached XP level 13. HP: 89/89 MP: 11/24
 12450 | D:13     | Reached *** piety under Hepliaklqana
 12459 | D:13     | Reached skill level 5 in Armour
 12472 | D:13     | Found Udozxej's Assorted Antiques.
 12627 | D:13     | Found a bloodstained altar of Trog.
 12701 | D:13     | Noticed a centaur warrior
 12710 | D:13     | Killed a centaur warrior
 12770 | D:13     | Found a gate to the Vaults.
 12920 | D:13     | Noticed a centaur warrior
 12928 | D:13     | Killed a centaur warrior
 12963 | D:13     | Noticed a five-headed hydra
 12968 | D:13     | Killed a five-headed hydra
 13092 | D:13     | Found Zats's General Store.
 13095 | D:13     | Bought a potion of brilliance for 72 gold pieces
 13095 | D:13     | Bought a scroll of immolation for 72 gold pieces
 13095 | D:13     | Bought a potion of degeneration for 18 gold pieces
 13130 | D:13     | Reached skill level 14 in Hexes
 13326 | D:13     | Learned a level 4 spell: Leda's Liquefaction
 13348 | D:14     | Noticed a centaur warrior
 13418 | D:14     | Killed a centaur warrior
 13509 | D:14     | Noticed Rupert
 13533 | D:14     | HP: 2/90 [Rupert/+1 vampiric battleaxe (26)]
 13535 | D:14     | Mangled by Rupert

Illustrated notes

Levels and vault maps discovered:
D:1:      elethiomel_arrival_infinity_welcomes_careful_drivers, layout_basic,
          basic_ecumenical_altar, st_stairs_1
D:2:      wad_lake_hut, layout_loops_ring, minivault_4
D:3:      layout_basic, amethyst_overflow_temple_binary, gup_sewer_entry_bubbles
D:4:      layout_basic, amcnicky_mini_rare_corridor_liquid
D:5:      layout_rooms, nicolae_overflow_squiral, corexii_checkpoint_a
D:6:      layout_gridville, minmay_temple_entry_enclosed_plants,
          lightli_ossuary_entry_decrepit_ruins, serial_bayou_pond_c
D:7:      layout_basic, serial_shops, shop,
          nicolae_concentric_dashed_squares_wild,
          hangedman_abyss_or_decor_stagger, uniq_jeremiah
D:8:      minmay_polygon_palace, layout_loops_ring
D:9:      layout_loops_cross
D:10:     layout_rooms, orc_0_dummy
D:11:     lemuel_reptile_caves, layout_small_grid, erik_lair_dragon,
          nicolae_kikubaaqudgha_miasma_corner
D:12:     kennysheep_demon_hangout, layout_loops_ring, serial_shops, shop,
          roderic_nine_men_s_morris, uniq_snorg, uniq_josephine
D:13:     layout_loops_ring, david_vaults_1, serial_shops, shop_fountains,
          nicolae_shop_hallway_stairs, bloody_trog
D:14:     layout_stronghold, chequers_serial_rivers_small_b, uniq_rupert
Temple:   nicolae_temple_two_arcs

Skill      XL: |  1  2  3  4  5  6  7  8  9 10 11 12 13 |
---------------+----------------------------------------+-----
Hexes          | 4 5 6 8 9 10 11 13 14 | 14.1
Ranged Weapons | 3 4 5 6 7 8 9 10 11 | 11.9
Spellcasting   | 2 3 4 5 6 7 8 |  8.3
Fighting       | 2 3 4 5 6 7 8 9 |  9.2
Translocations | 1 2 3 |  3.0
Invocations    | 1 3 4 6 7 8 |  8.4
Shields        | 4 5 |  5.0
Armour         | 2 4 5 |  5.0
Dodging        | |  1.7
Fire Magic     | |  1.0

Action                     |  1- 3 |  4- 6 |  7- 9 | 10-12 | 13-15 || total
---------------------------+-------+-------+-------+-------+-------++-------
  Melee: Unarmed           |       |       |       |     5 |       ||     5
   Fire: Sling             |    87 |   242 |   284 |       |       ||   613
         Orcbow            |       |       |    56 |   478 |   165 ||   699
  Throw: Dart              |       |       |     3 |     8 |     2 ||    13
         Throwing net      |       |       |       |       |     3 ||     3
   Cast: Jinxbite          |     2 |    12 |    24 |    20 |     6 ||    64
         Inner Flame       |       |       |    12 |    37 |    11 ||    60
         Cause Fear        |       |       |     3 |     5 |     2 ||    10
         Sigil of Binding  |       |       |       |     6 |     2 ||     8
         Dimensional Bulls |       |       |       |     4 |     1 ||     5
         Anguish           |       |       |       |       |     1 ||     1
 Invoke: Recall Ancestor   |       |       |     1 |       |       ||     1
         Ancestor Identity |       |       |     1 |       |       ||     1
         Ancestor Life: Kn |       |       |       |     1 |       ||     1
Ability: Dig               |     1 |       |       |       |     2 ||     3
  Evoke: Wand              |       |       |     2 |       |     3 ||     5
    Use: Scroll            |       |     4 |     8 |     3 |       ||    15
         Potion            |       |       |       |       |     1 ||     1
 Armour: Robe              |    27 |    38 |   103 |    55 |       ||   223
         Leather armour    |       |       |       |    17 |    62 ||    79
  Dodge: Dodged            |    37 |    44 |    93 |    38 |    38 ||   250
  Block: Buckler           |       |       |       |    20 |    23 ||    43

Table legend: (Time is in decaauts)
 A = Elapsed time spent in this place.
 B = Non-inter-level travel time spent in this place.
 C = Inter-level travel time spent in this place.
 D = Time resting spent in this place.
 E = Time spent auto-exploring this place.
 F = Levels seen in this place.
 G = Mean time per level.
                   A        B        C        D        E       F      G
               +--------+--------+--------+--------+--------+-----+--------+
         Total |  13905 |  13420 |    485 |   1546 |   8891 |  17 |  817.9 |
       Dungeon |  12670 |  12193 |    477 |   1356 |   8165 |  14 |  905.0 |
        Temple |     20 |     12 |      8 |      0 |      0 |   1 |   20.0 |
         Sewer |    927 |    927 |      0 |    106 |    617 |   1 |  927.0 |
       Ossuary |    286 |    286 |      0 |     84 |    108 |   1 |  286.0 |
               +--------+--------+--------+--------+--------+-----+--------+

Top non-repeatable levels by time:
    D:11: 1420 daAuts
     D:1: 1181 daAuts
    D:12: 1169 daAuts
     D:7: 1112 daAuts
     D:8: 1112 daAuts
     D:4: 1060 daAuts
     D:9: 1037 daAuts
    D:13: 960 daAuts
   Sewer: 927 daAuts
     D:2: 915 daAuts
     D:5: 831 daAuts
     D:3: 739 daAuts
     D:6: 498 daAuts
    D:10: 422 daAuts
 Ossuary: 286 daAuts
